Map: Ever Dream LE

Players

Serral - Winner!

  • Race: Zerg Zerg
  • Spawn Location: 7:00

TSGSolar (Solar)

  • Race: Zerg Zerg
  • Spawn Location: 1:00

Event: StayAtHomestory Cup #1

VOD

Have the link to the VOD?

Description

Time

  • Played on: April 11, 2020, 2:52 p.m.
  • Length: 7:02

All games in this series

Show
View Real Time Build Order
Export as new Build Order

Serral Zerg - Winner!

Build Orders: Hatch First 

Get SALT Encoding   

  12  0:02  Drone  
  13  0:12  Overlord  
  13  0:17  Drone  
  14  0:31  Drone x2  
  16  0:48  Hatchery  
  15  0:51  Drone  
  15  0:54  Drone  
  17  0:57  Drone  
  18  1:08  Extractor  
  17  1:12  Spawning Pool  
  17  1:16  Drone  
  17  1:20  Drone  
  18  1:29  Drone  
  19  1:39  Drone  
  20  1:50  Drone  
  21  1:59  Queen x2  
  21  2:00  Overlord  
  21  2:01  Zergling x2  
  26  2:09  Metabolic Boost  
  26  2:11  Drone x2  
  28  2:21  Drone  
  28  2:22  Drone  
  30  2:35  Hatchery  
  30  2:36  Drone  
  30  2:38  Drone  
  30  2:43  Baneling Nest  
  30  2:45  Drone  
  30  2:49  Overlord  
  31  2:54  Drone x2  
  33  3:04  Zergling x2  
  33  3:05  Zergling x2  
  35  3:07  Zergling x6  
  35  3:10  Zergling x4  
  40  3:14  Overlord  
  40  3:23  Zergling x2  
  40  3:24  Drone  
  42  3:28  Evolution Chamber, Baneling x2  
  42  3:30  Drone x2  
  43  3:39  Drone x5  
  48  3:42  Zergling x2  
  48  3:46  Overlord  
  47  3:51  Drone x2  
  47  3:54  Zerg Missile Weapons Level 1  
  49  3:59  Queen  
  49  4:01  Drone  
  52  4:06  Drone x2  
  52  4:07  Drone  
  55  4:10  Drone  
  55  4:12  Drone x2  
  55  4:14  Overlord  
  58  4:18  Baneling x2  
  58  4:19  Drone x2  
  58  4:22  Extractor  
  58  4:27  Roach Warren  
  58  4:29  Drone x2  
  58  4:30  Drone  
  60  4:32  Drone  
  60  4:33  Extractor, Drone  
  60  4:36  Zergling x4  
  63  4:40  Lair  
  63  4:43  Overlord  
  63  4:44  Drone  
  63  4:45  Drone  
  65  4:50  Overlord  
  65  4:51  Baneling  
  65  4:52  Zergling x2  
  66  4:53  Drone x2  
  66  4:54  Drone  
  66  4:56  Extractor  
  66  4:57  Overlord  
  68  5:00  Drone x2  
  68  5:01  Drone  
  68  5:03  Drone  
  68  5:06  Drone  
  73  5:10  Extractor  
  73  5:12  Drone x3  
  75  5:18  Drone x3  
  75  5:21  Drone x4  
  79  5:24  Extractor, Drone  
  79  5:27  Zergling x4  
  83  5:29  Zergling x2  
  83  5:33  Roach  
  83  5:34  Roach  
  87  5:39  Roach  
  87  5:40  Roach x2  
  87  5:41  Roach  
  87  5:42  Spine Crawler  
  92  5:43  Roach  
  92  5:47  Spine Crawler, Baneling x4  
  92  5:49  Spine Crawler  
  94  5:50  Spine Crawler, Roach  
  94  5:53  Roach x2  
  94  5:54  Baneling x2  
  94  5:55  Baneling x2  
  97  6:00  Overlord x2  
  97  6:04  Spine Crawler  
  97  6:06  Overlord  
  97  6:08  Baneling x3  
  95  6:12  Roach  
  95  6:14  Roach x2  
  94  6:24  Roach x6  
  94  6:25  Roach  
  107  6:28  Roach x2  
  101  6:33  Roach x3  
  101  6:40  Roach  
  101  6:41  Roach x3  
Show
View Real Time Build Order
Export as new Build Order

TSGSolar Zerg 

Build Orders: Hatch First 

Get SALT Encoding   

  12  0:02  Drone  
  13  0:13  Overlord  
  13  0:17  Drone  
  14  0:31  Drone x2  
  16  0:48  Hatchery  
  15  0:51  Drone  
  15  0:55  Drone  
  17  0:58  Drone  
  18  1:09  Extractor  
  17  1:13  Spawning Pool  
  17  1:15  Drone  
  17  1:19  Drone  
  18  1:28  Drone  
  19  1:39  Drone  
  20  1:50  Overlord  
  20  2:00  Queen x2  
  20  2:01  Drone x2  
  26  2:08  Metabolic Boost  
  26  2:11  Drone  
  26  2:12  Drone  
  28  2:22  Drone  
  29  2:23  Drone  
  30  2:32  Hatchery  
  30  2:34  Zergling x2  
  30  2:38  Drone  
  31  2:45  Baneling Nest  
  31  2:46  Drone  
  31  2:49  Overlord  
  31  2:54  Drone  
  31  2:56  Zergling x2  
  33  3:00  Queen  
  33  3:04  Zergling x2  
  36  3:10  Drone x3  
  36  3:12  Drone x2  
  41  3:17  Zergling x4  
  43  3:21  Drone  
  43  3:24  Overlord  
  44  3:30  Baneling  
  44  3:31  Baneling  
  44  3:34  Baneling  
  44  3:38  Evolution Chamber  
  43  3:43  Zergling x12  
  43  3:44  Drone  
  43  3:48  Overlord  
  50  3:53  Drone  
  50  3:54  Baneling  
  51  4:00  Drone  
  51  4:01  Zergling x2  
  53  4:07  Drone  
  53  4:08  Drone  
  53  4:09  Drone  
  56  4:10  Drone x2  
  56  4:13  Drone x2  
  56  4:15  Drone  
  56  4:16  Drone  
  62  4:17  Drone x2  
  63  4:25  Extractor  
  63  4:26  Extractor, Roach Warren  
  63  4:27  Overlord  
  63  4:28  Zergling x2  
  63  4:29  Zergling x2  
  62  4:32  Overlord  
  62  4:35  Roach Warren  
  62  4:36  Overlord  
  61  4:40  Overlord  
  61  4:42  Overlord  
  61  4:46  Overlord  
  60  4:53  Drone x2  
  62  5:03  Overlord  
  62  5:15  Roach x10  
  82  5:24  Roach x3  
  82  5:27  Zergling x6  
  91  5:32  Baneling x3  
  91  5:33  Zergling x2  
  91  5:34  Zergling x8  
  91  5:35  Zergling x2  
  90  5:39  Zergling x4  
  90  5:41  Queen  
  92  5:43  Overlord  
  92  5:48  Baneling x2  
  92  5:49  Baneling x3  
  92  5:50  Baneling  
  92  5:51  Baneling  
  92  5:53  Zergling x4  
  92  5:54  Zergling x2  
  92  5:55  Zergling x6  
  98  5:58  Baneling x4  
  98  6:00  Zergling x2  
  98  6:03  Zergling x2  
  100  6:08  Zergling x2  
  100  6:17  Ravager  
  100  6:18  Zergling x16, Ravager x2  
  92  6:21  Zergling x2  
  94  6:27  Zergling x6  
  94  6:32  Zergling x8  
  97  6:37  Zergling x4  
  92  6:41  Ravager  
  92  6:43  Ravager  
  92  6:45  Zergling x4  
  92  6:47  Ravager  
  92  6:50  Ravager  
Tags
 
Add a new tag
Caveats
  • Supply blocks, unpowered buildings, or Contaminate may cause inaccurate times.
  • Supply counts are checked every 10 seconds.